Map: Lightshade LE

Players

Rex

  • Race: Zerg Zerg

ExpecT - Winner!

  • Race: Terran Terran

Event: DreamHack SC2 Masters 2021 Fall

VOD

Have the link to the VOD?

Description

Time

  • Played on: July 29, 2021, 9:29 a.m.
  • Length: 10:43

All games in this series

Show
View Real Time Build Order
Export as new Build Order

Rex Zerg 

Build Orders: Hatch First 

Get SALT Encoding   

  12  0:00  Drone  
  13  0:12  Overlord  
  13  0:16  Drone  
  14  0:31  Drone x2  
  16  0:48  Hatchery  
  15  0:52  Drone  
  15  0:55  Drone  
  17  0:58  Drone  
  18  1:09  Extractor  
  17  1:13  Spawning Pool  
  17  1:16  Drone  
  17  1:20  Drone  
  18  1:29  Drone  
  19  1:39  Drone  
  20  1:50  Drone  
  21  2:00  Queen x2, Zergling x2  
  21  2:01  Zergling x2  
  27  2:15  Hatchery  
  26  2:18  Overlord  
  26  2:20  Drone  
  27  2:23  Drone  
  27  2:29  Spore Crawler  
  27  2:32  Drone  
  27  2:36  Drone  
  30  2:39  Queen  
  31  2:46  Drone  
  31  2:48  Overlord  
  31  2:50  Metabolic Boost  
  32  2:53  Drone  
  32  2:55  Drone  
  34  2:59  Drone  
  35  3:08  Drone x5  
  40  3:15  Queen  
  40  3:18  Overlord  
  42  3:23  Drone  
  42  3:26  Queen  
  43  3:30  Drone x2  
  43  3:32  Drone  
  48  3:36  Queen  
  50  3:44  Drone x2  
  52  3:49  Zergling x2  
  52  3:50  Zergling x4  
  55  3:57  Drone x2  
  55  3:58  Roach Warren, Overlord  
  55  4:02  Overlord  
  56  4:05  Overlord  
  56  4:08  Extractor, Overlord  
  55  4:10  Extractor  
  55  4:15  Drone x2  
  55  4:16  Overlord x2  
  56  4:33  Zergling x6  
  55  4:47  Evolution Chamber  
  51  4:53  Roach x8  
  62  5:08  Drone x8  
  62  5:12  Spore Crawler  
  69  5:14  Spore Crawler  
  69  5:17  Drone  
  69  5:20  Drone x2  
  71  5:26  Drone  
  71  5:27  Spore Crawler  
  69  5:34  Lair  
  69  5:35  Drone  
  69  5:36  Drone x2  
  69  5:37  Drone  
  69  5:38  Drone  
  69  5:40  Drone  
  69  5:41  Drone  
  75  5:43  Drone  
  75  5:46  Drone x2  
  75  5:47  Drone  
  79  5:52  Drone  
  79  5:53  Baneling Nest, Drone  
  80  5:58  Drone  
  80  6:01  Drone  
  82  6:05  Drone  
  82  6:06  Drone x6  
  82  6:07  Drone  
  90  6:15  Drone  
  89  6:20  Drone x4  
  89  6:24  Drone  
  93  6:29  Evolution Chamber  
  93  6:31  Evolution Chamber  
  89  6:34  Overseer  
  89  6:37  Drone x3  
  90  6:40  Drone x7  
  90  6:42  Extractor x2, Centrifical Hooks  
  90  6:45  Overlord  
  95  6:48  Overlord  
  95  6:49  Overlord  
  95  6:51  Overlord  
  95  6:52  Drone  
  96  7:07  Queen  
  98  7:11  Hatchery  
  98  7:14  Zergling x22  
  106  7:18  Zerg Melee Weapons Level 1, Zerg Ground Armor Level 1  
  105  7:25  Zergling x10  
  103  7:30  Drone  
  103  7:31  Drone x2  
  100  7:37  Drone  
  97  7:45  Drone x4  
  97  7:46  Drone  
  97  7:48  Drone x3  
  97  7:50  Drone  
  104  8:01  Zergling x10  
  104  8:02  Ravager x2, Overlord  
  104  8:03  Ravager, Baneling  
  104  8:04  Baneling x6  
  112  8:07  Zergling x6  
  112  8:11  Drone x2  
  110  8:20  Zergling x8  
  110  8:25  Drone  
  114  8:29  Drone x6  
  114  8:33  Drone  
  121  8:36  Drone  
  122  8:42  Zergling x4  
  122  8:43  Spore Crawler  
  123  8:48  Zergling x12  
  123  8:57  Zergling x6  
  123  9:01  Zergling x2  
  123  9:08  Zergling x12  
  123  9:09  Zergling x2  
  125  9:10  Spore Crawler, Drone  
  125  9:13  Zergling x4  
  125  9:22  Drone x5  
  125  9:24  Drone  
  124  9:26  Drone  
  124  9:27  Drone  
  125  9:32  Queen  
  125  9:37  Overlord x4  
  127  9:43  Queen  
  127  9:44  Queen  
  128  9:51  Baneling x10  
  128  9:56  Zergling x22  
  133  10:02  Zergling x6  
  133  10:05  Zergling x2  
  133  10:06  Zergling x10  
  134  10:09  Zergling x4  
  134  10:12  Zergling x4  
  136  10:15  Zergling x2  
  136  10:16  Zergling x4  
  136  10:21  Zergling x4  
  125  10:22  Zergling x2  
Show
View Real Time Build Order
Export as new Build Order

ExpecT Terran - Winner!

Build Orders: Reaper Expand 

Get SALT Encoding   

  12  0:00  SCV  
  13  0:12  SCV  
  14  0:16  Supply Depot  
  14  0:24  SCV  
  15  0:38  SCV  
  15  0:40  Barracks  
  16  0:43  Refinery  
  16  0:50  SCV  
  17  1:02  SCV  
  18  1:14  SCV  
  19  1:27  Reaper, Orbital Command  
  20  1:38  Command Center  
  20  1:49  Supply Depot  
  20  1:52  SCV  
  21  1:58  Marine  
  22  2:05  Factory  
  22  2:08  SCV  
  23  2:13  Refinery  
  23  2:20  Barracks Reactor, SCV  
  24  2:32  SCV  
  25  2:44  SCV  
  25  2:49  Starport  
  25  2:51  Orbital Command  
  26  2:56  Marine x2, Hellion  
  26  2:58  SCV  
  31  3:10  SCV  
  32  3:14  Marine x2  
  32  3:17  SCV  
  32  3:18  Hellion  
  37  3:22  SCV  
  37  3:25  Medivac  
  40  3:27  Supply Depot  
  40  3:29  SCV  
  40  3:32  Marine x2  
  43  3:37  SCV  
  43  3:40  Hellion  
  46  3:48  SCV  
  46  3:49  Supply Depot  
  46  3:50  SCV  
  48  3:56  Starport Tech Lab  
  48  4:00  SCV  
  49  4:04  Barracks Tech Lab  
  49  4:06  SCV  
  49  4:09  Hellion x2  
  54  4:12  SCV  
  54  4:16  Supply Depot  
  54  4:17  Banshee, Cloaking Field  
  55  4:20  SCV  
  59  4:25  SCV  
  60  4:32  SCV  
  65  4:44  SCV  
  51  4:59  Banshee  
  46  5:00  Bunker  
  46  5:01  Marine x2, Bunker, Siege Tank  
  46  5:04  SCV  
  55  5:07  Barracks x2  
  55  5:08  SCV, Barracks  
  55  5:10  Barracks  
  56  5:16  SCV  
  56  5:19  Marine x2  
  59  5:22  SCV, Engineering Bay  
  59  5:23  Supply Depot, Engineering Bay  
  59  5:28  SCV  
  61  5:33  Siege Tank  
  61  5:35  SCV  
  65  5:37  Marine x2  
  65  5:39  Supply Depot  
  65  5:40  SCV, Engineering Bay  
  68  5:48  SCV  
  69  5:50  Terran Infantry Armor Level 1, Terran Infantry Weapons Level 1  
  69  5:51  Starport Reactor  
  69  5:52  Refinery  
  69  5:54  Refinery  
  69  6:03  Barracks Reactor x2  
  69  6:04  Marine x3  
  72  6:13  Supply Depot, Command Center  
  72  6:14  Marine  
  73  6:20  Stimpack  
  73  6:21  Marine x2  
  73  6:23  SCV  
  77  6:32  Marine  
  78  6:33  Barracks Reactor  
  78  6:35  Siege Tank  
  78  6:39  Marine x2  
  82  6:40  SCV  
  82  6:42  Supply Depot x2  
  82  6:43  Marine x4  
  87  6:50  Marine  
  87  6:51  Medivac  
  90  6:57  Marine x2  
  90  6:59  Supply Depot, SCV x2  
  94  7:03  Marine x2  
  94  7:06  Marine x2  
  94  7:07  Marine  
  99  7:09  Medivac  
  99  7:11  Marine x2, Siege Tank  
  106  7:16  SCV, Armory  
  106  7:19  Supply Depot  
  106  7:21  Marine x2  
  109  7:23  Marine x2  
  109  7:27  Marine  
  109  7:28  Marine x2  
  114  7:34  Marine x2  
  112  7:38  Marine  
  112  7:39  Marine  
  112  7:41  Marine  
  112  7:43  Siege Tank  
  118  7:45  SCV  
  118  7:48  Marine x2  
  118  7:49  Marine x2  
  118  7:50  Orbital Command  
  123  7:52  Medivac x2  
  127  7:59  SCV  
  127  8:01  Supply Depot  
  127  8:05  SCV  
  129  8:11  SCV  
  130  8:13  Supply Depot  
  130  8:14  Marine x2  
  130  8:15  Marine x5  
  136  8:22  Medivac x2  
  136  8:24  SCV x3  
  143  8:34  Supply Depot  
  143  8:35  Sensor Tower  
  143  8:36  Combat Shield  
  143  8:42  Marine  
  143  8:44  Marine, Marauder  
  143  8:46  Marine x2  
  149  8:50  Marine x4  
  152  9:00  Marine  
  152  9:01  Marine  
  154  9:03  Medivac x2  
  154  9:05  Siege Tank, Marauder  
  157  9:12  SCV x3  
  157  9:17  Marine x5, Command Center  
  160  9:22  Marine x3  
  165  9:36  Marine x5, Marauder  
  172  9:39  Barracks  
  172  9:40  Marine  
  172  9:41  Barracks  
  172  9:45  Marine  
  173  9:53  Marine x2  
  173  9:56  Marine x4  
  173  9:58  Marine  
  173  10:02  Marauder  
  173  10:06  Marine  
  173  10:09  Barracks  
  173  10:11  Marine x2, Barracks, Siege Tank  
  173  10:13  Marine  
  163  10:24  Marine x5  

Tags
 
Add a new tag
Caveats
  • Supply blocks, unpowered buildings, or Contaminate may cause inaccurate times.
  • Supply counts are checked every 10 seconds.